 Dungeon Crawl Stone Soup version 0.19.0-22-gd96e5fe (webtiles) character file.

413 mmcf the Skirmisher (level 7, -3/56 HPs)
             Began as a Formicid Fighter on Nov 19, 2016.
             Slain by Quirk's ghost (14 damage)
             ... on level 4 of the Dungeon.
             The game lasted 00:07:04 (3575 turns).

mmcf the Skirmisher (Formicid Fighter)              Turns: 3575, Time: 00:07:05

Health: -3/56      AC:  9    Str: 20    XL:     7   Next: 14%
Magic:  7/7        EV:  8    Int:  8    God:
Gold:   145        SH: 10    Dex: 12    Spells: 0 memorised, 6 levels left

rFire  . . .     SeeInvis +     a - +0 war axe
rCold  . . .     Gourm    .     b - +0 scale mail
rNeg   . . .     Faith    .     c - +0 shield
rPois  .         Spirit   .     (helmet unavailable)
rElec  .         Reflect  .     (no cloak)
rCorr  .         Harm     .     (no gloves)
MR     .....                    v - +1 pair of boots {Fly}
Stlth  ..........               (no amulet)
                                (no ring)
                                (no ring)

@: flying
A: permanent stasis, dig shafts and tunnels, four strong arms, antennae 3
a: Dig, Shaft Self, Stop Flying


You were on level 4 of the Dungeon.
You were full.

You visited 1 branch of the dungeon, and saw 5 of its levels.

You collected 145 gold pieces.

Inventory:

Hand Weapons
 a - a +0 war axe (weapon)
 w - a +0 hunting sling
Missiles
 n - 60 sling bullets
 x - 71 stones (quivered)
Armour
 b - a +0 scale mail (worn)
 c - a +0 shield (worn)
 v - a +1 pair of boots of flying (worn)
 z - a +0 chain mail
Scrolls
 e - a scroll of magic mapping {unknown}
 h - a scroll of amnesia {unknown}
 i - a scroll of enchant armour {unknown}
 j - a scroll of fear {unknown}
 o - 2 scrolls of remove curse {unknown}
 p - 2 scrolls of noise {unknown}
 q - 2 scrolls of identify {unknown}
 r - a scroll of teleportation {unknown}
 u - 2 scrolls of recharging {unknown}
 y - a scroll of random uselessness {unknown}
Potions
 d - a potion of might
 g - a potion of invisibility {unknown}
 k - a potion of cancellation {unknown}
 l - a potion of degeneration {unknown}
 m - a potion of ambrosia {unknown}
Comestibles
 f - 2 bread rations
 t - 2 slices of pizza


   Skills:
 + Level 5.5 Fighting
 + Level 4.2 Axes
 - Level 4.1 Armour
 + Level 1.1 Dodging
 - Level 5.0 Shields


You had 6 spell levels left.
You didn't know any spells.

Dungeon Overview and Level Annotations

Branches:
Dungeon (5/15)
 Temple: D:4-7

Altars:
Zin
The Shining One

Annotations:
D:4 Quirk's ghost, novice MiFi


Innate Abilities, Weirdness & Mutations

You are under a permanent stasis effect.
You can dig through walls and to a lower floor.
Your four strong arms can wield two-handed weapons with a shield.
You have a pair of large antennae on your head. (SInv)


Message History

You hit Quirk's ghost.
Quirk's ghost is heavily damaged.
Quirk's ghost hits you! x2
You slash Quirk's ghost!
Quirk's ghost is severely damaged.
Quirk's ghost hits you.
You hit Quirk's ghost but do no damage.
Quirk's ghost is severely damaged.
Quirk's ghost hits you! x2
* * * LOW HITPOINT WARNING * * *
You barely miss Quirk's ghost.
Quirk's ghost is severely damaged.
Quirk's ghost barely misses you.
You hit Quirk's ghost.
Quirk's ghost is severely damaged.
You block Quirk's ghost's attack.
You slash Quirk's ghost!
Quirk's ghost is almost destroyed.
Quirk's ghost hits you!
You die...

.# ##..# (###. ... ...##
..... #...# ##...# ...#
# #.#.# #....###...# .#
#. #.#.###.#.......<#..#
#.##.#.#...#..†.........
#.##.#.#..###...........
#.##.#...## ##...(..##
#.##.#..##...'#.@>..#
#.##...##.....##.W..#
#.#...##.......##...#
#...### ..._... ##...
#.....# ....... ..)..
....#..##.....# ###.
######..# ...# #..


You could see Quirk's ghost.

Vanquished Creatures
  An ice beast (D:5)
  An orc priest (D:5)
  3 orc wizards
  Ijyb (D:3)
  Robin (D:3)
  4 gnolls (D:3)
  An adder (D:4)
  An ooze (D:1)
  2 dart slugs
  4 leopard geckos
  16 orcs
  A ball python (D:1)
  3 giant cockroaches
  18 goblins
  10 hobgoblins
  4 jackals
  A quokka (D:3)
  6 bats
  6 frilled lizards
  5 kobolds
  3 rats
92 creatures vanquished.

Notes
Turn   | Place    | Note
-------+----------+-------------------------------------------
     0 | D:1      | mmcf the Formicid Fighter began the quest for the Orb.
     0 | D:1      | Reached XP level 1. HP: 18/18 MP: 1/1
   256 | D:1      | Reached XP level 2. HP: 21/24 MP: 2/2
   424 | D:1      | Reached XP level 3. HP: 26/30 MP: 3/3
  1307 | D:2      | Reached XP level 4. HP: 36/37 MP: 4/4
  1932 | D:3      | Noticed Robin
  1935 | D:3      | Reached XP level 5. HP: 37/42 MP: 5/5
  1936 | D:3      | Noticed Ijyb
  1977 | D:3      | Killed Ijyb
  1977 | D:3      | Reached skill level 5 in Shields
  2341 | D:3      | Reached XP level 6. HP: 49/49 MP: 6/6
  2783 | D:4      | Found a glowing silver altar of Zin.
  2873 | D:3      | Killed Robin
  3145 | D:5      | Entered Level 5 of the Dungeon
  3154 | D:5      | Reached skill level 5 in Fighting
  3227 | D:5      | Noticed an ice beast
  3249 | D:5      | Killed an ice beast
  3249 | D:5      | Reached skill level 1 in Dodging
  3249 | D:5      | Reached XP level 7. HP: 11/56 MP: 7/7
  3550 | D:4      | Found a glowing golden altar of the Shining One.
  3560 | D:4      | Noticed Quirk's ghost (novice MiFi)
  3575 | D:4      | Slain by Quirk's ghost

Skill      XL: |  1  2  3  4  5  6 |
---------------+-------------------+-----
Shields        | 4 5 |  5.0
Fighting       | 4 5 |  5.5
Axes           | 3 4 |  4.2
Armour         | 4 |  4.1
Dodging        | 1 |  1.1

Action                   |  1- 3 |  4- 6 |  7- 9 || total
-------------------------+-------+-------+-------++-------
Melee: War axe           |   117 |   223 |    15 ||   355
 Abil: Dig               |       |     3 |       ||     3
  Eat: Chunk             |     1 |     7 |     1 ||     9
       Meat ration       |       |       |     1 ||     1
Armor: Scale mail        |    37 |    76 |     3 ||   116
Dodge: Dodged            |    48 |    63 |     5 ||   116
Block: Shield            |    53 |    92 |     5 ||   150
